 Dungeon Crawl Stone Soup version 0.29-a0-284-gf9362112df (webtiles) character file.

Game seed: 15004953969612689505

10440 dracfodder the Severer (level 11, -4/100 HPs)
             Began as a Gargoyle Berserker on Mar 29, 2022.
             Was a High Priest of Trog.
             Slain by a 14-headed hydra (9 damage)
             ... on level 10 of the Dungeon on Mar 30, 2022.
             The game lasted 00:35:40 (12907 turns).

dracfodder the Severer (Gargoyle Berserker)        Turns: 12907, Time: 00:35:40

Health: -4/100     AC: 21    Str: 23    XL:     11   Next: 62%
Magic:  11/11      EV: 13    Int:  8    God:    Trog [*****.]
Gold:   591        SH:  0    Dex:  9    Spells: 10/10 levels left

rFire   . . .      SeeInvis +   a - +4 war axe (vorpal)
rCold   . . .      Faith    .   (no shield)
rNeg    + . .      Spirit   .   s - +1 steam dragon scales
rPois   ∞          Reflect  .   w - +2 hat
rElec   +          Harm     .   p - +2 cloak
rCorr   .          Rampage  .   (no gloves)
Will    .....                   m - +0 pair of boots
Stlth   ..........              (no amulet)
HPRegen 0.26/turn               k - ring of see invisible
MPRegen 0.12/turn               (no ring)

@: berserking (expiring), very quick
A: sickness immunity, AC +8, negative energy resistance 1, electricity
resistance, torment resistance 1, petrification resistance, clumsy 1, screaming
1
a: Renounce Religion, Berserk, Trog's Hand, Brothers in Arms


You were on level 10 of the Dungeon.
You worshipped Trog.
Trog was extremely pleased with you.
You visited 1 branch of the dungeon, and saw 10 of its levels.

You collected 721 gold pieces.
You spent 130 gold pieces at shops.

Inventory:

Hand Weapons
 a - a +4 vorpal war axe (weapon)
 d - the +8 dagger of Roymep {vorpal, rN+++ Str-2 Int+2 Dex+6}
   (You found it on level 7 of the Dungeon)

   It inflicts extra damage upon your enemies.
   Str:       It affects your strength (-2).
   Int:       It affects your intelligence (+2).
   Dex:       It affects your dexterity (+6).
   rN:        It renders you almost immune to negative energy.
 o - a +3 hunting sling of flaming
 r - a +0 longbow
 v - a +5 battleaxe of freezing
Missiles
 g - 10 boomerangs (quivered)
 q - 9 javelins
Armour
 m - a +0 pair of boots (worn)
 p - a +2 cloak (worn)
 s - +1 steam dragon scales (worn)
 w - a +2 hat (worn)
 x - +0 acid dragon scales
Jewellery
 k - a ring of see invisible (left hand)
Wands
 b - a wand of acid (13)
 n - a wand of charming (12)
 y - a wand of digging (3)
Scrolls
 e - a scroll of summoning {unknown}
 f - 3 scrolls of silence
 i - a scroll of teleportation
 l - 4 scrolls of identify
 t - a scroll of magic mapping
 A - a scroll of immolation {unknown}
Potions
 c - 2 potions of lignification
 h - 2 potions of invisibility
 j - a potion of resistance
 u - a potion of flight {unknown}
 z - a potion of heal wounds {unknown}


   Skills:
 + Level 7.0 Fighting
 * Level 16.6 Axes
 + Level 4.5 Armour
 + Level 4.5 Dodging
 + Level 3.0 Stealth


You had 10 spell levels left.
You didn't know any spells.
Your spell library was empty.

Dungeon Overview and Level Annotations

Branches:
Dungeon (10/15)            Temple (0/1) D:7
   Lair: D:8-11         Orc: D:9-12

Altars:
Elyvilon
Hepliaklqana
Qazlal
Wu Jian
Xom
Zin
The Shining One

Shops:
D:1 (   D:8 *


Innate Abilities, Weirdness & Mutations

You are immune to sickness and miasma.
Your stone body is resilient. (AC +8)
You are immune to poison.
You resist negative energy. (rN+)
You are resistant to electric shocks. (rElec)
You are resistant to unholy torment.
You are immune to petrification.
You are clumsy. (Dex -2)
You occasionally shout uncontrollably at your foes.


Message History

The ten-headed hydra bites you but does no damage. x2
You completely miss the ten-headed hydra.
The ten-headed hydra is heavily wounded.
You lop one of the ten-headed hydra's heads off!
The nine-headed hydra grows two more!
You slice the 11-headed hydra!!
The 11-headed hydra is severely wounded.
The 11-headed hydra bites you but does no damage.
The 11-headed hydra closely misses you.
The 11-headed hydra completely misses you.
The 11-headed hydra bites you. The 11-headed hydra bites you!
The 11-headed hydra completely misses you.
The 11-headed hydra bites you but does no damage.
The 11-headed hydra completely misses you.
The 11-headed hydra bites you but does no damage.
The 11-headed hydra bites you!
* * * LOW HITPOINT WARNING * * *
The 11-headed hydra bites you!
* * * LOW HITPOINT WARNING * * *
You lop one of the 11-headed hydra's heads off!
The ten-headed hydra grows two more!
You slash the 12-headed hydra!
The 12-headed hydra is severely wounded.
Unknown command.
You hack one of the 12-headed hydra's heads off!
The 11-headed hydra grows two more!
You hit the 13-headed hydra.
The 13-headed hydra is severely wounded.
You slice one of the 13-headed hydra's heads off!
The 12-headed hydra grows two more!
You slice the 14-headed hydra!!
The 14-headed hydra is almost dead.
You hear a bellow!
The 14-headed hydra bites you but does no damage. x2
The 14-headed hydra barely misses you.
The 14-headed hydra bites you but does no damage.
The 14-headed hydra barely misses you. The 14-headed hydra bites you!
* * * LOW HITPOINT WARNING * * *
The 14-headed hydra bites you.
* * * LOW HITPOINT WARNING * * *
The 14-headed hydra bites you.
* * * LOW HITPOINT WARNING * * *
The 14-headed hydra bites you!
You die...

..........#......#..#'###....#...
..........##.....#......######...
...........#.....#...............
...........#######........#######
..........................#......
##....[.########..........#......
#............[#######...<#.....)
#......#.#..#.'.....#....#......
#......#..##..#@#.#.#....#......
#......#..##..#.D# #....#......
##......#.#..#.#.#c# #....#......
........#......#..Y..#....#......
###.....########## '##....#######
#.....#.. #. .#............
#.....#.. #............
#.....##'# #............
#>.....#.##### #............


You could see a 14-headed hydra, a yak and a centaur.

Vanquished Creatures
  An orange crystal statue (D:9)
  A cyclops (D:9)
  An ugly thing (D:10)
  Joseph (D:7)
  2 gargoyles (D:10)
  2 trolls
  A hornet (D:10)
  6 yaks (D:8)
  A vampire (D:9)
  2 wyverns (D:9)
  2 wraiths
  3 vampire mosquitoes (D:10)
  4 steam dragons
  3 acid dragons (D:9)
  3 orc warriors
  6 ice beasts
  2 ogres
  2 sky beasts (D:7)
  7 centaurs
  A phantom (D:5)
  A kobold brigand (D:8)
  A bullfrog (D:7)
  A scorpion (D:4)
  5 necrophages
  9 wights
  19 killer bees
  8 howler monkeys
  2 hounds (D:5)
  3 jellies
  Crazy Yiuf (D:7)
  7 orc priests
  Ijyb (D:3)
  Jessica (D:3)
  3 iguanas
  5 orc wizards
  A mummy (D:8)
  5 adders
  8 gnolls
  A shadow imp (D:6)
  A white imp (D:6)
  An ufetubus (D:3)
  A worm (D:4)
  3 dart slugs (D:1)
  49 orcs
  7 ball pythons
  10 endoplasms
  A giant cockroach (D:2)
  10 goblins
  8 hobgoblins
  5 jackals (D:2)
  8 kobolds
  2 quokkas
  8 bats
  3 frilled lizards
  A goblin zombie (D:8)
  A hobgoblin zombie (D:8)
  5 rats
257 creatures vanquished.

Vanquished Creatures (others)
  8 fungi (D:4)
8 creatures vanquished.

Grand Total: 265 creatures vanquished

Notes
Turn   | Place    | Note
-------+----------+-------------------------------------------
     0 | D:1      | dracfodder the Gargoyle Berserker began the quest for the
                  | Orb.
     0 | D:1      | Reached XP level 1. HP: 14/14 MP: 1/1
    77 | D:1      | Found Ehoijese's Antique Weapon Shoppe.
   125 | D:1      | Reached skill level 3 in Axes
   125 | D:1      | Reached XP level 2. HP: 19/19 MP: 2/2
   544 | D:1      | Reached XP level 3. HP: 15/23 MP: 3/3
   902 | D:1      | Reached ** piety under Trog
   935 | D:2      | Found a hazy altar of Hepliaklqana.
  1634 | D:2      | Reached XP level 4. HP: 24/29 MP: 4/4
  1758 | D:1      | Bought a runed war axe for 130 gold pieces
  1933 | D:2      | Found a faded altar of an unknown god.
  2003 | D:3      | Found a shimmering altar of Xom.
  2074 | D:3      | Found an ornate altar of the Wu Jian Council.
  2113 | D:3      | Found a stormy altar of Qazlal.
  2153 | D:3      | Reached skill level 4 in Axes
  2377 | D:3      | Noticed Ijyb
  2382 | D:3      | Killed Ijyb
  2383 | D:3      | Reached XP level 5. HP: 33/33 MP: 5/5
  2441 | D:3      | Noticed Jessica
  2449 | D:3      | Killed Jessica
  2711 | D:3      | Found a glowing golden altar of the Shining One.
  2711 | D:3      | Found a white marble altar of Elyvilon.
  2711 | D:3      | Found a glowing silver altar of Zin.
  2859 | D:3      | Reached *** piety under Trog
  2862 | D:3      | Reached skill level 5 in Axes
  3068 | D:3      | Reached XP level 6. HP: 20/38 MP: 6/6
  3560 | D:4      | Gained mutation: You have large cloven feet. [potion of
                  | mutation]
  3560 | D:4      | Gained mutation: You are partially covered in iridescent
                  | scales. (AC +2) [potion of mutation]
  3560 | D:4      | Gained mutation: Your spells are a little harder to cast,
                  | but a little more powerful. [potion of mutation]
  3561 | D:4      | Lost mutation: You are partially covered in iridescent
                  | scales. (AC +2) [potion of mutation]
  3561 | D:4      | Lost mutation: You have large cloven feet. [potion of
                  | mutation]
  3561 | D:4      | Lost mutation: Your spells are a little harder to cast, but
                  | a little more powerful. [potion of mutation]
  3561 | D:4      | Gained mutation: You occasionally shout uncontrollably at
                  | your foes. [potion of mutation]
  3561 | D:4      | Gained mutation: You are partially covered in iridescent
                  | scales. (AC +2) [potion of mutation]
  3561 | D:4      | Gained mutation: You have a pair of small horns on your
                  | head. [potion of mutation]
  3561 | D:4      | Gained mutation: You passively map a small area around you.
                  | [potion of mutation]
  3592 | D:4      | Noticed a steam dragon
  3599 | D:4      | Killed a steam dragon
  3707 | D:4      | Reached skill level 6 in Axes
  3707 | D:4      | Reached XP level 7. HP: 41/43 MP: 7/7
  4070 | D:4      | Reached skill level 1 in Stealth
  4879 | D:5      | Entered Level 5 of the Dungeon
  4946 | D:5      | Identified a scroll of acquirement
  4946 | D:5      | Acquired a manual of Axes
  5078 | D:5      | HP: 2/43 [orc priest/+1 whip of venom (4)]
  5505 | D:5      | Reached skill level 7 in Axes
  5676 | D:5      | Reached skill level 8 in Axes
  5678 | D:5      | Reached XP level 8. HP: 48/48 MP: 8/8
  5698 | D:5      | Reached skill level 9 in Axes
  6599 | D:6      | Reached skill level 10 in Axes
  6694 | D:6      | Lost mutation: You have a pair of small horns on your head.
                  | [potion of mutation]
  6694 | D:6      | Lost mutation: You passively map a small area around you.
                  | [potion of mutation]
  6694 | D:6      | Lost mutation: You are partially covered in iridescent
                  | scales. (AC +2) [potion of mutation]
  6694 | D:6      | Gained mutation: You are clumsy. (Dex -2) [potion of
                  | mutation]
  7007 | D:6      | Found a transporter.
  7013 | D:6      | Reached skill level 11 in Axes
  7170 | D:6      | Found a transporter.
  7752 | D:6      | Reached skill level 12 in Axes
  7752 | D:6      | Reached XP level 9. HP: 52/52 MP: 9/9
  7942 | D:7      | Reached skill level 13 in Axes
  7945 | D:7      | Identified the +8 dagger of Roymep {vorpal, rN+++ Str-2
                  | Int+2 Dex+6}
  7956 | D:7      | Reached **** piety under Trog
  8242 | D:7      | Noticed Joseph
  8256 | D:7      | HP: 2/52 [Joseph/+0 quarterstaff (13)]
  8258 | D:7      | Killed Joseph
  8259 | D:7      | Reached skill level 14 in Axes
  8650 | D:7      | Found a runed translucent door.
  8651 | D:7      | Noticed Crazy Yiuf
  8913 | D:7      | Found a staircase to the Ecumenical Temple.
  8993 | D:7      | Killed Crazy Yiuf
  9138 | D:8      | Reached XP level 10. HP: 57/58 MP: 10/10
  9262 | D:8      | Reached skill level 15 in Axes
  9409 | D:8      | Found Gujo's Assorted Antiques.
  9424 | D:8      | Reached skill level 5 in Fighting
  9958 | D:8      | Reached ***** piety under Trog
 10566 | D:9      | Noticed an orange crystal statue
 10597 | D:9      | Reached XP level 11. HP: 24/64 MP: 11/11
 10876 | D:9      | Killed an orange crystal statue
 10877 | D:9      | Reached skill level 16 in Axes
 11357 | D:9      | Noticed a cyclops
 11366 | D:9      | Killed a cyclops
 12115 | D:10     | Entered Level 10 of the Dungeon
 12670 | D:10     | Noticed a purple ugly thing
 12884 | D:10     | Killed a purple ugly thing
 12886 | D:10     | Noticed a seven-headed hydra
 12907 | D:10     | HP: 5/100 [14-headed hydra (1)]
 12907 | D:10     | Slain by a 14-headed hydra

Illustrated notes

Levels and vault maps discovered:
D:1:      onia_arrival_mini_spirals, layout_basic, serial_shops, shop,
          minmay_misc_feat_ornament
D:2:      layout_loops_cross, shapermc_ecumenical_altar_mp_vishouse,
          basic_altar, minivault_27
D:3:      minmay_wonky_spiral, layout_basic,
          mainiacjoe_overflow_large_starburst, amcnicky_altar_gilded,
          good_gods_mini_temple, nrook_mini_backslash, minmay_misc_feat_tiny,
          uniq_ijyb, uniq_jessica
D:4:      layout_loops_ring, serial_aquarium, aquarium_bridge_square
          [aquarium_subvault_bridge, aquarium_subvault_balcony,
          aquarium_subvault_balcony, aquarium_subvault_wall],
          aquarium_bridge_square [aquarium_subvault_window,
          aquarium_subvault_bridge, aquarium_subvault_wall,
          aquarium_subvault_bridge], aquarium_window_fake, aquarium_window_fake,
          aquarium_window_corner, aquarium_window_2, aquarium_view_2e,
          aquarium_view_2g, kennysheep_generic_room_3
D:5:      layout_basic
D:6:      gammafunk_cloud_chamber, layout_layer_cave
D:7:      layout_loops_cross, minmay_temple_entry_poolview,
          uniq_crazy_yiuf_cottage, uniq_joseph
D:8:      layout_basic, serial_curves, eino_curves_04, eino_curves_02,
          nicolae_ossuary_entry_giza, serial_shops, shop
D:9:      layout_roguey [special_room_orc], serial_rivers,
          chequers_serial_rivers_micro_e, chequers_serial_rivers_micro_d,
          chequers_serial_rivers_micro_b, chequers_serial_rivers_large_a,
          minivault_16
D:10:     minmay_clustersquares, layout_irregular_city, minivault_21, uniq_snorg

Skill      XL: |  1  2  3  4  5  6  7  8  9 10 11 |
---------------+----------------------------------+-----
Axes           | 3 4 5 6 8 12 14 15 16 | 16.6
Fighting       | 4 5 7 |  7.0
Dodging        | 2 3 4 |  4.5
Armour         | 3 4 |  4.5
Stealth        | 1 2 3 |  3.0

Action                   |  1- 3 |  4- 6 |  7- 9 | 10-12 || total
-------------------------+-------+-------+-------+-------++-------
Melee: Hand axe          |   115 |     4 |       |       ||   119
       War axe           |       |    83 |   228 |   328 ||   639
       Headbutt          |       |     1 |    18 |       ||    19
       Punch             |       |       |     3 |     4 ||     7
 Fire: Longbow           |       |       |       |     3 ||     3
Invok: Trog's Hand       |       |     1 |     1 |     3 ||     5
       Berserk           |       |     1 |     2 |     3 ||     6
       Brothers in Arms  |       |       |       |     1 ||     1
  Use: Scroll            |       |     3 |    11 |     3 ||    17
       Potion            |       |     2 |     8 |     3 ||    13
 Stab: Sleeping          |     1 |       |       |     1 ||     2
Armor: Animal skin       |    50 |     8 |       |       ||    58
       Ring mail         |       |    22 |   119 |       ||   141
       Steam dragon scal |       |       |     6 |   195 ||   201
Dodge: Dodged            |    93 |    44 |   128 |   217 ||   482

Table legend: (Time is in decaauts)
 A = Elapsed time spent in this place.
 B = Non-inter-level travel time spent in this place.
 C = Inter-level travel time spent in this place.
 D = Time resting spent in this place.
 E = Time spent auto-exploring this place.
 F = Levels seen in this place.
 G = Mean time per level.
                   A        B        C        D        E       F      G
               +--------+--------+--------+--------+--------+-----+--------+
         Total |  12925 |  12563 |    362 |   1799 |   8870 |  10 | 1292.5 |
       Dungeon |  12925 |  12563 |    362 |   1799 |   8870 |  10 | 1292.5 |
               +--------+--------+--------+--------+--------+-----+--------+

Top non-repeatable levels by time:
     D:9: 1620 daAuts
     D:3: 1555 daAuts
     D:6: 1473 daAuts
     D:5: 1463 daAuts
     D:8: 1393 daAuts
     D:4: 1356 daAuts
     D:7: 1275 daAuts
     D:2: 1068 daAuts
     D:1: 952 daAuts
    D:10: 765 daAuts
